 Dungeon Crawl Stone Soup version 0.30-a0-1008-g30c9307041 (webtiles) character file.

Game seed: 9252263654597383338

3738 jimonade the Thaumaturge (level 10, -15/70 HPs)
             Began as a Djinni Warper on Apr 5, 2023.
             Was an Initiate of Yredelemnul.
             Demolished by a two-headed ogre
             ... wielding a +0 giant spiked club
              (18 damage)
             ... on level 7 of the Dungeon.
             The game lasted 00:24:41 (5807 turns).

jimonade the Thaumaturge (Djinni Warper)            Turns: 5807, Time: 00:24:41

Health: -15/70     AC: 14    Str: 20    XL:     10   Next: 37%
Gold:   391        EV: 13    Int: 16    God:    Yredelemnul [......] SH:  0 Dex: 12

rFire   + + .      SeeInvis .    a - +4 mace of the Solstice {protect, rElec rCorr}
rCold   x . .      Faith    .    (no shield)
rNeg    . . .      Spirit   .    g - +1 ring mail
rPois   ∞          Reflect  .    (no helmet)
rElec   +          Rampage  .    (no cloak)
rCorr   +                        (no gloves)
Will    +....                    (boots unavailable)
Stlth   +                        i - amulet of regeneration
HPRegen 1.11/turn                L - +6 ring of strength
MPRegen 0.00/turn                (no ring)

@: under a protective aura, flying
A: sickness immunity, fire resistance 2, cold vulnerability 1, float, innate
caster, HP casting, extra vitality 1
a: Renounce Religion, Recall Undead Harvest


You were on level 7 of the Dungeon.
You worshipped Yredelemnul.
Yredelemnul was noncommittal.
You visited 1 branch of the dungeon, and saw 7 of its levels.
You also visited: Ossuary.

You collected 391 gold pieces.

Inventory:

Hand Weapons
 a - the +4 mace of the Solstice (weapon) {protect, rElec rCorr}
   (You found it on level 2 of the Dungeon)

   rElec:     It insulates you from electricity.
   rCorr:     It protects you from acid and corrosion.
 b - a +3 whip of venom
 q - a +3 flail
 B - a +0 morningstar
 F - a +2 morningstar of protection
Missiles
 d - 7 boomerangs of dispersal
 h - 15 poisoned darts
 n - 10 javelins
 u - a throwing net
 y - 5 boomerangs
Armour
 g - a +1 ring mail (worn)
 j - a +0 chain mail
 A - a +0 leather armour
 J - a scarf of shadows
Jewellery
 i - an amulet of regeneration (around neck)
 L - a +6 ring of strength (left hand)
Wands
 r - a wand of polymorph (18)
 E - a wand of charming (35)
 M - a wand of roots (9)
Scrolls
 c - a scroll of blinking
 e - 2 scrolls of fear
 f - 2 scrolls of silence {unknown}
 k - 7 scrolls of identify
 s - a scroll of vulnerability {unknown}
 v - 6 scrolls of teleportation
 w - 2 scrolls of magic mapping {unknown}
 x - a scroll of poison
 D - 2 scrolls of brand weapon {unknown}
 G - a scroll of amnesia {unknown}
 K - a scroll of enchant weapon
 N - a scroll of enchant armour
Potions
 l - a potion of ambrosia {unknown}
 m - 7 potions of curing
 o - a potion of mutation
 p - a potion of cancellation
 t - 2 potions of degeneration {unknown}
 z - a potion of haste {unknown}
 C - 2 potions of might {unknown}
 H - 2 potions of magic {unknown}
 I - 2 potions of invisibility {unknown}


   Skills:
 + Level 5.5 Fighting
 - Level 1.7 Short Blades
 - Level 2.0 Maces & Flails
 - Level 0.7 Throwing
 + Level 7.0 Armour
 + Level 5.7 Dodging
 + Level 8.0 Spellcasting


You knew the following spells:

 Your Spells              Type           Power      Damage    Failure   Level
a - Blink                 Tloc           64%        N/A       1%          2
b - Lesser Beckoning      Tloc           64%        N/A       1%          2
c - Vhi's Electric Charg  Tloc/Air       64%        N/A       1%          3
d - Teleport Other        Tloc           32%        N/A       1%          3
e - Manifold Assault      Tloc           32%        N/A       6%          4
f - Foxfire               Conj/Fire      100%       2x1d9     1%          1
g - Poisonous Vapours     Pois/Air       64%        N/A       1%          2
h - Spider Form           Tmut/Pois      32%        N/A       1%          3
i - Vampiric Draining     Necr           32%        2d8       1%          3
Your spell library was empty.

Dungeon Overview and Level Annotations

Branches:
Dungeon (7/15)             Temple (0/1) D:6         Ossuary (visited)

Altars:
Elyvilon
Hepliaklqana
Makhleb
Okawaru
Qazlal
Yredelemnul

Shops:
D:6 (


Innate Abilities, Weirdness & Mutations

You are immune to sickness and miasma.
You are immune to poison.
Your flesh is very heat resistant. (rF++)
You are vulnerable to cold. (rC-)
You float through the air rather than walking.
You learn spells naturally, not from books.
Your magical power is your life essence.
You have superior vitality. (+4 MHP)


Message History

Poisonous vapours surround the two-headed ogre!
The two-headed ogre looks as sick as possible!
The centaur shoots an arrow.
The arrow closely misses you.
The centaur shoots an arrow.
The arrow hits you.
Casting: Poisonous Vapours (safe; 1% risk of failure)
Confirm with . or Enter, or press ? or * to list all spells.
Aiming: Poisonous Vapours (safe; 1% risk of failure)
Press: ? - help, Dir - move target, f/p - two-headed ogre
Aim: a two-headed ogre, wielding a +0 giant spiked club and a +0 giant club (lightly wounded, extremely poisoned) Poisonous vapours surround the two-headed ogre!
The two-headed ogre looks as sick as possible!
The howler monkey hoots and howls with incredible vigour!
You hit the two-headed ogre.
Your weapon exudes an aura of protection.
The two-headed ogre is moderately wounded.
The two-headed ogre hits you with a +0 giant spiked club.
The two-headed ogre barely misses you.
You hit the two-headed ogre.
The two-headed ogre is moderately wounded.
The two-headed ogre hits you with a +0 giant spiked club!!
The two-headed ogre misses you.
You sock the two-headed ogre!
The two-headed ogre is heavily wounded.
The two-headed ogre barely misses you.
The two-headed ogre completely misses you.
You hit the two-headed ogre.
The two-headed ogre is heavily wounded.
The howler monkey hoots and howls with incredible vigour!
The two-headed ogre barely misses you. The two-headed ogre closely misses you.
You barely miss the two-headed ogre.
The two-headed ogre is severely wounded.
The two-headed ogre barely misses you.
The two-headed ogre hits you with a +0 giant club!
You thump the two-headed ogre!
The two-headed ogre is almost dead.
The two-headed ogre hits you with a +0 giant spiked club!!
* * * LOW HITPOINT WARNING * * *
The two-headed ogre hits you with a +0 giant club!!
You die...
Your body rises from the dead as a mindless zombie.

#.....## #..## #.
.##....### #...# ##.
#####....## ...## #..
#......## ##...# ##..
#.......### #....## #...
#.......).## #.....##
##...
#...........####......#
#....
#.......##....##.......#
#....
#.......####..cO@..#Z...#
##Z... ........#
##.h#######.Z####Z....
......... #.##
###.ZZZ)#### ....... #.##
#.###..# #...# ..# ###
##.# #.# ### ##


You could see a two-headed ogre (very poisoned), a centaur and a howler monkey.

Vanquished Creatures
  Prince Ribbit (D:5)
  3 yaks (D:6)
  Menkaure (D:6)
  A black bear (D:7)
  2 sky beasts
  An ice beast (D:7)
  An ogre (D:5)
  A centaur (D:7)
  A bullfrog (D:7)
  A scorpion (D:6)
  10 wights
  3 howler monkeys
  5 centaur zombies (Ossuary)
  A hound (D:6)
  3 orc priests
  3 human zombies (Ossuary)
  A gnoll bouda (D:5)
  A sleepcap (D:6)
  3 iguanas
  An orc wizard (D:5)
  A hound zombie (Ossuary)
  3 mummies (Ossuary)
  5 gnolls (D:5)
  7 adders
  A shadow imp (D:5)
  2 white imps
  7 adder zombies (Ossuary)
  A worm (D:3)
  2 dart slugs
  14 orcs
  6 ball pythons
  5 endoplasms
  5 giant cockroaches
  6 goblins
  7 hobgoblins
  2 jackals (D:3)
  4 kobolds
  2 quokkas (D:2)
  2 bats
  2 frilled lizards (D:2)
  3 goblin zombies (Ossuary)
  A hobgoblin zombie (Ossuary)
  6 jackal zombies (Ossuary)
  3 kobold zombies (Ossuary)
  2 orc zombies (Ossuary)
  4 quokka zombies (Ossuary)
  2 rats
149 creatures vanquished.

Vanquished Creatures (collateral kills)
  3 yaks (D:6)
  A steam dragon (D:6)
  A water moccasin (D:7)
  A kobold brigand (D:7)
  A jelly (D:5)
  An iguana (D:5)
  An orc wizard (D:5)
  An adder (D:5)
  3 gnolls (D:5)
  An ufetubus (D:5)
  An orc (D:5)
  2 kobolds (D:7)
  5 foxfires (D:3)
22 creatures vanquished.

Vanquished Creatures (others)
  A human zombie (D:5)
  A yak zombie (D:6)
  A howler monkey (D:6)
  A bullfrog zombie (D:7)
  A centaur zombie (D:7)
  A black bear zombie (D:7)
  2 sky beast zombies
  An ice beast zombie (D:7)
  A howler monkey zombie (D:6)
  An iguana zombie (D:5)
  A spectral white imp (D:6)
  6 gnoll zombies (D:5)
  3 kobold zombies (D:7)
  An orc zombie (D:7)
  361 foxfires
  13 plants (D:3)
396 creatures vanquished.

Grand Total: 567 creatures vanquished

Notes
Turn   | Place    | Note
-------+----------+-------------------------------------------
     0 | D:1      | jimonade the Djinni Warper began the quest for the Orb.
     0 | D:1      | jimonade set off with the following spells memorised:
                  | Blink, Lesser Beckoning, Vhi's Electric Charge, Teleport
                  | Other, Manifold Assault.
     0 | D:1      | Reached XP level 1. HP: 18/18 MP: 0/0
   119 | D:1      | You are sucked into a shaft and drop 1 floor!
   226 | D:2      | Reached XP level 2. HP: 15/23 MP: 0/0
   319 | D:2      | Reached skill level 3 in Spellcasting
   347 | D:2      | Reached XP level 3. HP: 3/28 MP: 0/0
   347 | D:2      | Learned a level 1 spell: Foxfire
   955 | D:2      | Reached XP level 4. HP: 30/33 MP: 0/0
  1034 | D:2      | Identified the +4 mace of the Solstice {protect, rElec
                  | rCorr}
  1292 | D:3      | Found an iron altar of Okawaru.
  1294 | D:3      | Found a stormy altar of Qazlal.
  1316 | D:3      | Found a burning altar of Makhleb.
  1330 | D:3      | Found a basalt altar of Yredelemnul.
  1459 | D:3      | Reached skill level 4 in Spellcasting
  1480 | D:3      | Reached XP level 5. HP: 38/38 MP: 0/0
  1480 | D:3      | Learned a level 2 spell: Poisonous Vapours
  1727 | D:3      | Found a white marble altar of Elyvilon.
  1785 | D:3      | Found a faded altar of an unknown god.
  2028 | D:4      | Reached skill level 1 in Maces & Flails
  2228 | D:4      | Found a hazy altar of Hepliaklqana.
  2516 | D:4      | Reached XP level 6. HP: 29/43 MP: 0/0
  2903 | D:3      | Became a worshipper of Yredelemnul the Dark
  3044 | D:5      | Entered Level 5 of the Dungeon
  3060 | D:5      | Found a sand-covered staircase.
  3071 | Ossuary  | Entered an ossuary
  3182 | Ossuary  | Reached XP level 7. HP: 49/49 MP: 0/0
  3182 | Ossuary  | Learned a level 3 spell: Spider Form
  3354 | Ossuary  | Reached skill level 5 in Spellcasting
  3536 | D:5      | Noticed Prince Ribbit
  3550 | D:5      | Killed Prince Ribbit
  3551 | D:5      | Reached XP level 8. HP: 20/56 MP: 0/0
  3559 | D:5      | Reached * piety under Yredelemnul
  3857 | D:5      | Reached ** piety under Yredelemnul
  3949 | D:5      | Your ally Prince Ribbit died
  3955 | D:5      | Reached skill level 6 in Spellcasting
  4272 | D:6      | Found Quakulep's Weapon Boutique.
  4462 | D:6      | Reached XP level 9. HP: 62/62 MP: 0/0
  4462 | D:6      | Learned a level 3 spell: Vampiric Draining
  4513 | D:6      | Noticed Menkaure
  4522 | D:6      | Killed Menkaure
  4666 | D:6      | Reached skill level 5 in Armour
  4778 | D:6      | Found a staircase to the Ecumenical Temple.
  5167 | D:6      | Reached skill level 7 in Spellcasting
  5169 | D:6      | Reached skill level 5 in Dodging
  5171 | D:6      | Reached skill level 5 in Fighting
  5178 | D:6      | Reached XP level 10. HP: 58/70 MP: 0/0
  5751 | D:7      | Noticed a two-headed ogre
  5764 | D:7      | Reached skill level 8 in Spellcasting
  5807 | D:7      | HP: 3/70 [two-headed ogre/+0 giant spiked club (21)]
  5807 | D:7      | Demolished by a two-headed ogre

Illustrated notes

Levels and vault maps discovered:
D:1:      roderic_crossed_star, layout_basic
D:2:      layout_loops_ring, basic_altar
D:3:      layout_basic, mainiacjoe_overflow_six_doors_small,
          nicolae_overflow_hidden_temple,
          hellmonk_ecumenical_altar_heavens_door, serial_bayou,
          serial_bayou_lake_a, serial_bayou_shore_b, serial_bayou_ford_a,
          serial_bayou_pond_c
D:4:      layout_gridville, kennysheep_little_box
D:5:      layout_loops_cross, lightli_ossuary_entry_decrepit_ruins,
          chequers_serial_rivers_micro_e, st_stairs_14, uniq_prince_ribbit1
D:6:      layout_basic, minmay_temple_entry_stoned_glass, serial_shops, shop,
          uniq_menkaure
D:7:      layout_layer_cave

Skill      XL: |  1  2  3  4  5  6  7  8  9 10 |
---------------+-------------------------------+-----
Spellcasting   | 3 4 5 6 7 8 |  8.0
Maces & Flails | 1 2 |  2.0
Armour         | 2 3 4 6 7 |  7.0
Dodging        | 3 4 5 |  5.7
Fighting       | 3 4 5 |  5.5
Short Blades   | |  1.7
Throwing       | |  0.7

Action                     |  1- 3 |  4- 6 |  7- 9 | 10-12 || total
---------------------------+-------+-------+-------+-------++-------
  Melee: Short sword       |   122 |     6 |       |       ||   128
         Mace              |       |    72 |   158 |    47 ||   277
         Punch             |       |       |     3 |       ||     3
   Cast: Foxfire           |       |    95 |    92 |    31 ||   218
         Poisonous Vapours |       |       |    43 |     8 ||    51
 Invoke: Recall Undead Har |       |       |     4 |     6 ||    10
    Use: Scroll            |       |    10 |       |       ||    10
   Stab: Distracted        |       |       |     1 |       ||     1
 Armour: Ring mail         |    31 |    54 |   108 |    28 ||   221
         Leather armour    |     3 |       |       |       ||     3
  Dodge: Dodged            |    56 |    82 |   121 |    57 ||   316

Table legend: (Time is in decaauts)
 A = Elapsed time spent in this place.
 B = Non-inter-level travel time spent in this place.
 C = Inter-level travel time spent in this place.
 D = Time resting spent in this place.
 E = Time spent auto-exploring this place.
 F = Levels seen in this place.
 G = Mean time per level.
                   A        B        C        D        E       F      G
               +--------+--------+--------+--------+--------+-----+--------+
         Total |   5884 |   5583 |    301 |    422 |   2828 |   8 |  735.5 |
       Dungeon |   5435 |   5134 |    301 |    422 |   2757 |   7 |  776.4 |
       Ossuary |    449 |    449 |      0 |      0 |     71 |   1 |  449.0 |
               +--------+--------+--------+--------+--------+-----+--------+

Top non-repeatable levels by time:
     D:4: 1178 daAuts
     D:2: 1108 daAuts
     D:6: 1069 daAuts
     D:5: 796 daAuts
     D:3: 652 daAuts
     D:7: 510 daAuts
 Ossuary: 449 daAuts
     D:1: 118 daAuts
